 Dungeon Crawl Stone Soup version 0.26-a0-639-g72c4674329 (webtiles) character file.

Game seed: 17310459896843848113

10483 DogServant the Magician (level 11, -6/64 HPs)
             Began as a Gargoyle Ice Elementalist on Sept 17, 2020.
             Was a Priest of Sif Muna.
             Killed by refrigeration
             ... invoked by Fannar
              (19 damage)
             ... on level 12 of the Dungeon.
             The game lasted 00:53:17 (18607 turns).

DogServant the Magician (GrIE)                     Turns: 18607, Time: 00:53:18

Health: -6/64      AC: 12    Str: 11    XL:     11   Next: 62%
Magic:  1/22       EV: 12    Int: 20    God:    Sif Muna [***...]
Gold:   742        SH:  5    Dex: 10    Spells: 6/25 levels left

rFire    + + .     SeeInvis .   j - +1 dagger (venom)
rCold    . . .     Faith    .   (no shield)
rNeg     + . .     Spirit   .   t - +0 robe {rF+}
rPois    ∞         Reflect  +   z - +0 helmet
rElec    +         Harm     .   (no cloak)
rCorr    .         Rampage  .   (no gloves)
MR       +....                  A - +0 pair of boots
Stlth    ++........             n - amulet of Pegokuge {Reflect MR+ SH+5}
HPRegen  0.20/turn              c - ring of protection from fire
MPRegen  0.18/turn              (no ring)

@: very slightly contaminated
A: negative energy resistance 1, electricity resistance, unbreathing,
petrification resistance, rot immunity, AC +8
a: Channel Magic, Forget Spell, Renounce Religion


You were on level 12 of the Dungeon.
You worshipped Sif Muna.
Sif Muna was most pleased with you.
You visited 2 branches of the dungeon, and saw 14 of its levels.

You collected 742 gold pieces.

Inventory:

Hand Weapons
 j - a +1 dagger of venom (weapon)
Armour
 t - a +0 robe of fire resistance (worn)
 z - a +0 helmet (worn)
 A - a +0 pair of boots (worn)
Jewellery
 c - a ring of protection from fire (left hand)
 n - the amulet of Pegokuge (around neck) {Reflect MR+ SH+5}
   (You found it on level 4 of the Dungeon)

   [amulet of reflection]

   It shields you and reflects attacks.
   It affects your resistance to hostile enchantments.
   It affects your SH (+5).
 v - a cursed amulet of inaccuracy {unknown}
 w - an uncursed ring of ice
Wands
 a - a wand of digging (6)
 u - a wand of random effects (24)
 y - a wand of flame (14)
Scrolls
 b - 11 scrolls of identify
 f - 4 scrolls of remove curse
 g - 2 scrolls of amnesia
 k - 2 scrolls of magic mapping
 p - 5 scrolls of teleportation
 B - a scroll of enchant armour
Potions
 d - 8 potions of degeneration
 e - 3 potions of brilliance {unknown}
 h - 2 potions of curing
 i - 2 potions of flight
 l - a potion of stabbing {unknown}
 m - 4 potions of might
 o - a potion of cancellation {unknown}
 q - 2 potions of heal wounds {unknown}
 r - a potion of invisibility {unknown}
 s - 2 potions of lignification {unknown}
 x - 2 potions of berserk rage {unknown}


   Skills:
 - Level 6.1 Fighting
 - Level 1.5 Dodging
 - Level 2.2 Stealth
 + Level 7.8 Spellcasting
 + Level 7.0 Conjurations
 + Level 6.5 Summonings
 - Level 7.5 Ice Magic
 + Level 5.3 Air Magic
 + Level 7.4 Invocations


You had 6 spell levels left.
You knew the following spells:

 Your Spells              Type           Power        Failure   Level
a - Summon Ice Beast      Ice/Summ       #####...     4%          4
b - Frozen Ramparts       Ice            #####.       1%          3
c - Magic Dart            Conj           ####         1%          1
e - Summon Lightning Spi  Summ/Air       ####....     8%          4
f - Searing Ray           Conj           #####.       1%          2
g - Blink                 Tloc           N/A          13%         2
h - Tukima's Dance        Hex            #.......     26%         3

Your spell library contained the following spells:

 Spells                   Type           Power        Failure   Level
 Freeze                   Ice            ####         1%          1
 Summon Small Mammal      Summ           ####         1%          1
 Call Imp                 Summ           ####....     1%          2
 Call Canine Familiar     Summ           ####....     1%          3
 Ozocubu's Armour         Ice            #####...     1%          3
 Mephitic Cloud           Conj/Pois/Air  ###.....     4%          3
 Hailstorm                Conj/Ice       #####...     4%          4
 Conjure Flame            Conj/Fire      ###.....     6%          3
 Dazzling Flash           Conj/Hex       ###...       6%          3
 Summon Guardian Golem    Hex/Summ       ###.....     7%          3
 Animate Skeleton         Necr           #.....       9%          1
 Apportation              Tloc           #.....       9%          1
 Pain                     Necr           #...         9%          1
 Slow                     Hex            #.......     13%         2
 Fulminant Prism          Conj/Hex       ###.......   21%         4
 Iskenderun's Mystic Bla  Conj/Tloc      ###.....     21%         4
 Lesser Beckoning         Tloc           #.........   26%         3
 Vampiric Draining        Necr           #.........   26%         3
 Animate Dead             Necr           #.........   65%         4
 Agony                    Necr           #.......     94%         5
 Alistair's Intoxication  Tmut/Pois      #........    94%         5
 Invisibility             Hex            #.......     100%        6


Dungeon Overview and Level Annotations

Branches:
Dungeon (13/15)            Temple (1/1) D:4            Lair (0/6) D:8
    Orc (0/2) D:10
 Vaults: D:13-14

Altars:
Ashenzari
Cheibriados
Dithmenos
Elyvilon
Fedhas
Gozag
Hepliaklqana
Kikubaaqudgha
Makhleb
Nemelex Xobeh
Okawaru
Qazlal
Ru
Sif Muna
Trog
Uskayaw
Vehumet
Wu Jian
Xom
Yredelemnul
Zin
The Shining One

Annotations:
D:5 1 runed translucent door, nojaa's ghost, novice DEFE
D:8 3 runed translucent doors, drasked's ghost, novice TrMo
D:12 Fannar; Rupert


Innate Abilities, Weirdness & Mutations

You are resistant to torment.
Your stone body is resilient. (AC +8)
You are immune to poison.
You resist negative energy. (rN+)
You are resistant to electric shocks. (rElec)
You can survive without breathing.
You are immune to petrification.
You are immune to rotting.


Message History

Casting: Searing Ray (safe; 1% risk of failure)
Confirm with . or Enter, or press ? or * to list all spells.
Aiming: Searing Ray (safe; 1% risk of failure)
Press: ? - help, Shift-Dir - straight line, f - Fannar
Aim: Fannar, wielding a staff of cold and wearing a +2 robe of cold resistance (moderately wounded, covered in an icy film)
The searing ray hits Fannar.
Fannar is heavily wounded. (Press . to maintain the ray.) Fannar hits you but does no damage.
Fannar freezes you!
* * * LOW HITPOINT WARNING * * *
You swap places.
Your ice beast closely misses Fannar.
Fannar hits your ice beast but does no damage.
There is an open door here.
You swap places.
Your ice beast barely misses Fannar.
Fannar barely misses your ice beast.
Your ice beast hits Fannar but does no damage.
Fannar casts a spell.
Fannar drains the heat from the surrounding environment!
You feel very cold.
You die...

#.# #.# #.# #.. ########
########.# ### #......#
#........#
#......#####.###########
#......#.<.#.#######...#
#......#.#.#.##........#
#......#.#.............#
#...............@......#
####'#####..[..#Y###...# ####.#
#.......#Y# #)..# #....#
#.#.#####e# #.### ..####
#...#...8.###'######
#########....##..>........#######
..e..........#............'......
..#######...##..##........#######
........'...'........)..### #..


You could see Fannar (icy armour), 2 friendly ice beasts and a friendly
lightning spire (summoned).

Vanquished Creatures
  4 two-headed ogres
  An unseen horror (D:12)
  A deep elf mage (D:12)
  Maggie (D:10)
  Prince Ribbit (D:8)
  A hippogriff (D:4)
  A meliai zombie (D:12)
  A shadow (D:11)
  3 wyverns
  A wraith (D:10)
  3 wargs (D:8)
  3 ice beasts
  5 orc warriors
  A swamp drake (D:10)
  A sky beast (D:5)
  A phantom (D:8)
  2 black bears
  A hornet zombie (D:10)
  3 ogres
  An eye of draining (D:9)
  3 centaurs
  A crocodile (D:7)
  5 bullfrogs
  4 scorpions
  A water moccasin skeleton (D:12)
  3 wights (D:10)
  2 howler monkeys
  A bullfrog zombie (D:10)
  A bullfrog skeleton (D:9)
  3 centaur skeletons
  4 hounds
  A quasit (D:7)
  13 orc priests
  A gnoll shaman (D:7)
  4 jellies
  15 orc wizards
  3 human zombies (D:10)
  3 human skeletons (D:10)
  An iguana (D:10)
  8 worker ants
  2 hound skeletons
  3 mummies
  A worker ant zombie (D:8)
  11 gnolls
  15 adders
  A shadow imp (D:9)
  A white imp (D:9)
  An ufetubus (D:6)
  An ooze (D:5)
  An adder skeleton (D:10)
  2 worms
  3 dart slugs
  5 leopard geckos
  54 orcs
  5 giant cockroaches
  9 goblins
  16 hobgoblins
  4 quokkas
  4 ball pythons
  6 bats
  6 frilled lizards
  2 hobgoblin zombies (D:4)
  2 jackal skeletons (D:4)
  13 kobolds
  3 orc zombies
  A quokka skeleton (D:5)
  9 rats
  A butterfly (D:4)
295 creatures vanquished.

Vanquished Creatures (collateral kills)
  A black bear (D:11)
  2 orc warriors
  A necrophage (D:11)
  A wight (D:10)
  A worker ant (D:10)
  A mummy (D:10)
7 creatures vanquished.

Vanquished Creatures (others)
  A centaur warrior (D:13)
  A two-headed ogre (D:13)
  3 boggarts (D:13)
  A jelly (D:13)
6 creatures vanquished.

Grand Total: 308 creatures vanquished

Notes
Turn   | Place    | Note
-------+----------+-------------------------------------------
     0 | D:1      | DogServant the Gargoyle Ice Elementalist began the quest
                  | for the Orb.
     0 | D:1      | Reached XP level 1. HP: 10/10 MP: 3/3
   198 | D:1      | Reached XP level 2. HP: 15/15 MP: 3/5
   956 | D:1      | Reached XP level 3. HP: 18/19 MP: 1/6
  1678 | D:2      | Reached XP level 4. HP: 24/24 MP: 5/8
  1800 | D:2      | Reached skill level 5 in Ice Magic
  2413 | D:3      | Reached XP level 5. HP: 20/28 MP: 10/10
  2520 | D:3      | Learned a level 3 spell: Frozen Ramparts
  2525 | D:3      | Learned a level 1 spell: Magic Dart
  2528 | D:3      | Learned a level 2 spell: Call Imp
  2746 | D:3      | Learned a level 4 spell: Summon Lightning Spire
  3430 | D:4      | Noticed an ogre
  3454 | D:4      | Killed an ogre
  3454 | D:4      | Reached skill level 1 in Conjurations
  3454 | D:4      | Reached skill level 1 in Summonings
  3454 | D:4      | Reached XP level 6. HP: 32/32 MP: 5/11
  3819 | D:4      | Noticed a hippogriff
  3836 | D:4      | Killed a hippogriff
  3836 | D:4      | Reached XP level 7. HP: 36/36 MP: 6/13
  4017 | D:4      | Reached skill level 1 in Fighting
  4061 | D:4      | Got a clouded ruby amulet
  4147 | D:4      | Found a staircase to the Ecumenical Temple.
  4161 | Temple   | Entered the Ecumenical Temple
  4811 | D:5      | Entered Level 5 of the Dungeon
  5107 | D:5      | Found a shattered altar of Ashenzari.
  5107 | D:5      | Found a shimmering blue altar of Sif Muna.
  5116 | D:5      | Became a worshipper of Sif Muna the Loreminder
  5525 | D:5      | Found a runed translucent door.
  5541 | D:5      | Reached XP level 8. HP: 44/44 MP: 10/14
  5577 | D:5      | Noticed nojaa's ghost (novice DEFE)
  5761 | D:5      | Reached skill level 1 in Invocations
  6568 | D:6      | Reached skill level 5 in Spellcasting
  7264 | D:7      | Reached skill level 1 in Air Magic
  7359 | D:7      | Learned a level 2 spell: Searing Ray
  7362 | D:7      | Learned a level 2 spell: Blink
  7652 | D:7      | Reached XP level 9. HP: 51/51 MP: 8/16
  9053 | D:8      | Found a runed translucent gate.
  9053 | D:8      | Found a runed translucent gate.
  9053 | D:8      | Found a runed translucent gate.
  9109 | D:8      | Reached * piety under Sif Muna
  9139 | D:8      | Found a staircase to the Lair.
  9713 | D:8      | Reached skill level 5 in Conjurations
  9736 | D:8      | Noticed a two-headed ogre
  9747 | D:8      | Killed a two-headed ogre
  9747 | D:8      | Reached skill level 5 in Fighting
  9747 | D:8      | Reached XP level 10. HP: 42/59 MP: 1/19
  9869 | D:8      | Learned a level 3 spell: Tukima's Dance
  9974 | D:8      | Noticed Prince Ribbit
  9980 | D:8      | Killed Prince Ribbit
 10262 | D:8      | Noticed a two-headed ogre
 10277 | D:8      | Killed a two-headed ogre
 10277 | D:8      | Reached skill level 5 in Invocations
 10567 | D:8      | Noticed drasked's ghost (novice TrMo)
 10630 | D:9      | Reached ** piety under Sif Muna
 11626 | D:9      | Reached skill level 5 in Summonings
 12003 | D:10     | Entered Level 10 of the Dungeon
 12548 | D:10     | Found a staircase to the Orcish Mines.
 12830 | D:10     | Learned a level 4 spell: Summon Ice Beast
 12987 | D:10     | Noticed a two-headed ogre
 13002 | D:10     | Killed a two-headed ogre
 13203 | D:10     | Reached XP level 11. HP: 63/64 MP: 12/21
 13213 | D:10     | Noticed Maggie
 13223 | D:10     | Killed Maggie
 13335 | D:10     | Identified the amulet of Pegokuge {Reflect MR+ SH+5} (You
                  | found it on level 4 of the Dungeon)
 13764 | D:10     | Noticed a two-headed ogre
 13775 | D:10     | Killed a two-headed ogre
 14814 | D:10     | Found a basalt altar of Yredelemnul.
 15205 | D:10     | Reached *** piety under Sif Muna
 15856 | D:11     | Reached skill level 5 in Air Magic
 16360 | D:11     | Noticed a red ugly thing
 16643 | D:12     | Noticed Fannar
 17162 | D:12     | Killed an unseen horror
 17359 | D:12     | Noticed a deep elf mage
 17363 | D:12     | Killed a deep elf mage
 18141 | D:13     | Noticed Rupert
 18146 | D:13     | Noticed a centaur warrior
 18159 | D:13     | Killed a centaur warrior
 18160 | D:13     | Killed a two-headed ogre
 18607 | D:12     | Killed from afar by Fannar

Illustrated notes

Levels and vault maps discovered:
D:1:      tarquinn_simple_flora_water_b, layout_basic
D:2:      layout_loops_cross
D:3:      layout_loops_ring, kennysheep_big_empty_room,
          hangedman_decor_clover_reticule
D:4:      layout_loops_ring, minmay_temple_entry_butterflies,
          minmay_mini_ossuary
D:5:      layout_loops_corners, grunt_temple_overflow_open,
          ebering_ghost_sewer_d
D:6:      layout_basic, eino_tiny_chamber
D:7:      layout_basic
D:8:      layout_basic, erik_lair_orcish_takeover, gammafunk_ghost_icy,
          uniq_prince_ribbit1
D:9:      layout_basic, st_stairs_5, kennysheep_generic_room_12
D:10:     layout_irregular_city, erik_orc_1, lemuel_mausoleum_altar_yredelemnul,
          uniq_maggie
D:11:     layout_cave_pools
D:12:     layout_basic, basic_altar, uniq_fannar
D:13:     layout_basic, grunt_vaults_entry_tiered, serial_shops, bzr_firewalk,
          hellmonk_ghost_happy_afterlife, enter_bailey_3,
          portal_ice_cave_entry_pillars_1, minmay_crystal_room, uniq_rupert,
          uniq_urug
Temple:   regret_index_temple_chain_breaker

Skill      XL: |  1  2  3  4  5  6  7  8  9 10 11 |
---------------+----------------------------------+-----
Spellcasting   | 3 4 5 6 7 |  7.8
Ice Magic      | 5 6 7 |  7.5
Conjurations   | 1 2 4 5 6 7 |  7.0
Summonings     | 1 2 3 4 5 6 |  6.5
Fighting       | 2 3 5 6 |  6.1
Invocations    | 2 4 6 7 |  7.4
Air Magic      | 1 3 4 5 |  5.3
Dodging        | |  1.5
Stealth        | |  2.2

Action                   |  1- 3 |  4- 6 |  7- 9 | 10-12 || total
-------------------------+-------+-------+-------+-------++-------
Melee: Unarmed           |    17 |       |       |       ||    17
       Short sword       |    38 |       |       |       ||    38
       Dagger            |       |   144 |    99 |    74 ||   317
 Cast: Freeze            |    46 |    18 |     3 |       ||    67
       Frozen Ramparts   |       |    11 |    51 |    55 ||   117
       Magic Dart        |       |       |    61 |    42 ||   103
       Searing Ray       |       |       |    11 |    87 ||    98
       Blink             |       |       |     1 |     3 ||     4
       Call Imp          |       |       |       |     3 ||     3
       Summon Lightning  |       |       |       |     9 ||     9
       Summon Ice Beast  |       |       |       |     7 ||     7
  Use: Scroll            |       |    10 |       |     9 ||    19
 Stab: Sleeping          |     2 |     1 |       |       ||     3
Armor: Robe              |    36 |    56 |    48 |    48 ||   188
Dodge: Dodged            |    69 |    92 |    98 |   105 ||   364
Block: Other             |       |       |       |    29 ||    29

Table legend: (Time is in decaauts)
 A = Elapsed time spent in this place.
 B = Non-inter-level travel time spent in this place.
 C = Inter-level travel time spent in this place.
 D = Time resting spent in this place.
 E = Time spent auto-exploring this place.
 F = Levels seen in this place.
 G = Mean time per level.
                   A        B        C        D        E       F      G
               +--------+--------+--------+--------+--------+-----+--------+
         Total |  18621 |  18311 |    310 |   6947 |   8499 |  14 | 1330.1 |
       Dungeon |  18436 |  18166 |    270 |   6947 |   8361 |  13 | 1418.2 |
        Temple |    185 |    145 |     40 |      0 |    138 |   1 |  185.0 |
               +--------+--------+--------+--------+--------+-----+--------+

Top non-repeatable levels by time:
    D:10: 3707 daAuts
    D:12: 1803 daAuts
     D:7: 1791 daAuts
     D:8: 1538 daAuts
     D:9: 1432 daAuts
     D:1: 1413 daAuts
     D:5: 1395 daAuts
     D:4: 1234 daAuts
    D:11: 1062 daAuts
     D:6: 1040 daAuts
     D:3: 1033 daAuts
     D:2: 945 daAuts
  Temple: 185 daAuts
    D:13: 35 daAuts
